 Dungeon Crawl Stone Soup version 0.26-a0-771-g060e6a62af (webtiles) character file.

Game seed: 12983487309164122984

1071 Bliebski the Insei (level 8, -5/54 HPs)
             Began as an Octopode Transmuter on Nov 8, 2020.
             Slain by a black bear (8 damage)
             ... on level 6 of the Dungeon.
             The game lasted 00:28:05 (8560 turns).

Bliebski the Insei (Octopode Transmuter)            Turns: 8560, Time: 00:28:07

Health: -5/54      AC:  1    Str: 15    XL:     8   Next: 28%
Magic:  14/14      EV: 13    Int: 16    God:
Gold:   333        SH:  9    Dex: 14    Spells: 14/15 levels left

rFire    . . .     SeeInvis +     - Unarmed
rCold    . . .     Faith    .   x - +0 kite shield
rNeg     . . .     Spirit   .   (helmet currently unavailable)
rPois    .         Reflect  .   r - amulet of magic regeneration
rElec    .         Harm     .   q - +6 ring of strength
rCorr    .         Rampage  .   t - ring of see invisible
MR       .....                  (no ring)
Stlth    ++........             (no ring)
HPRegen  0.18/turn              (no ring)
MPRegen  0.39/turn              (no ring)
                                (no ring)
                                (no ring)

@: brilliant, appendages, flying
A: almost no armour, stealthy swim, amphibious, 8 rings, constrict 8, tentacle
spike 3, camouflage 1, gelatinous body 1
a: End Transformation


You were on level 6 of the Dungeon.
One of your tentacles had a temporary spike.
You visited 2 branches of the dungeon, and saw 7 of its levels.

You collected 333 gold pieces.

Inventory:

Missiles
 m - 45 stones (quivered)
 s - 26 poisoned darts
Armour
 k - a +0 buckler
 x - a +0 kite shield (worn)
Jewellery
 q - a +6 ring of strength (left tentacle)
 r - an amulet of magic regeneration (around mantle)
 t - a ring of see invisible (right tentacle)
Wands
 w - a wand of polymorph (4)
Scrolls
 b - 6 scrolls of enchant weapon {unknown}
 d - a scroll of amnesia {unknown}
 e - 14 scrolls of identify {unknown}
 f - 2 scrolls of teleportation {unknown}
 j - 2 scrolls of remove curse {unknown}
 l - a scroll of fog {unknown}
 p - 3 scrolls of fear {unknown}
 u - 2 scrolls of blinking {unknown}
 v - a scroll of noise {unknown}
Potions
 a - a potion of invisibility {unknown}
 c - a potion of flight
 h - a potion of brilliance
 i - 2 potions of ambrosia
 o - a potion of might {unknown}


   Skills:
 + Level 3.9 Fighting
 + Level 4.2 Dodging
 + Level 3.2 Shields
 + Level 4.9 Unarmed Combat
 + Level 4.0 Spellcasting
 + Level 4.3 Transmutations


You had 14 spell levels left.
You knew the following spells:

 Your Spells              Type           Power        Failure   Level
a - Beastly Appendage     Tmut           ####..       13%         1

Your spell library contained the following spells:

 Spells                   Type           Power        Failure   Level
 Wereblood                Tmut           ####....     21%         2
 Spider Form              Tmut/Pois      ###.......   67%         3
 Ice Form                 Ice/Tmut       ###.....     97%         4
 Blade Hands              Tmut           ####......   98%         5


Dungeon Overview and Level Annotations

Branches:
Dungeon (6/15)             Temple (1/1) D:6

Altars:
Cheibriados
Dithmenos
Elyvilon
Fedhas
Hepliaklqana
Kikubaaqudgha
Nemelex Xobeh
Okawaru
Qazlal
Ru
Sif Muna
Trog
Uskayaw
Vehumet
Wu Jian
Xom
Yredelemnul
Zin
The Shining One

Shops:
D:5 [

Annotations:
D:4 exclusion: downstairs
D:5 2 exclusions, Edmund, Grinder
D:6 exclusion: statue


Innate Abilities, Weirdness & Mutations

You cannot wear most types of armour.
You are very stealthy in the water. (Stealth+)
You are amphibious.
You can wear up to eight rings at the same time.
You can use your tentacles to constrict eight enemies at once.
Your skin changes colour to match your surroundings (Stealth+).
Your rubbery body absorbs attacks. (AC +1, EV +1)
One of your tentacles bears a large vicious spike.


Message History

You block the black bear's attack. The black bear claws you.
* * * LOW HITPOINT WARNING * * *
You tentacle-slap the black bear. You grab the black bear.
You pierce the black bear, but do no damage.
You squeeze the black bear, but do no damage.
The black bear is lightly wounded.
You constrict the black bear. The black bear bites you.
* * * LOW HITPOINT WARNING * * *
The black bear barely misses you. The black bear claws you.
* * * LOW HITPOINT WARNING * * *
You tentacle-slap the black bear.
You pierce the black bear.
The black bear is moderately wounded.
You constrict the black bear. You block the black bear's attack. x2
The black bear claws you.
* * * LOW HITPOINT WARNING * * *
You tentacle-slap the black bear.
You pierce the black bear.
You squeeze the black bear, but do no damage.
The black bear is severely wounded.
You constrict the black bear. The black bear bites you!
You die...

................#
....>..Z........#
........#.......#
................#
#.....####..##.##
...... ##....#
###### ###[.#
##.# #@# #h##
##))# #.<##
#..>..# #..##.##
#. #. # #. #.


You could see a black bear.

Vanquished Creatures
  A centaur (D:5)
  3 ogres
  A bullfrog (D:6)
  A howler monkey (D:5)
  A bullfrog zombie (D:6)
  A hound (D:6)
  5 orc wizards (D:5)
  An orc priest (D:3)
  Ijyb (D:5)
  2 worker ants
  A worker ant zombie (D:5)
  9 adders
  10 gnolls
  A shadow imp (D:5)
  2 ufetubi
  2 oozes
  An adder skeleton (D:4)
  3 worms (D:2)
  A dart slug (D:2)
  3 leopard geckos
  7 orcs
  6 giant cockroaches
  3 goblins
  5 hobgoblins
  10 jackals
  11 kobolds
  A quokka (D:4)
  A ball python (D:1)
  7 bats
  7 frilled lizards
  A jackal skeleton (D:5)
  7 rats
116 creatures vanquished.

Vanquished Creatures (others)
  An orc wizard (D:5)
  2 plants (D:5)
3 creatures vanquished.

Grand Total: 119 creatures vanquished

Notes
Turn   | Place    | Note
-------+----------+-------------------------------------------
     0 | D:1      | Bliebski the Octopode Transmuter began the quest for the
                  | Orb.
     0 | D:1      | Reached XP level 1. HP: 13/13 MP: 3/3
   418 | D:1      | Reached XP level 2. HP: 17/18 MP: 3/5
   911 | D:1      | Reached XP level 3. HP: 23/23 MP: 4/6
  1776 | D:2      | Reached XP level 4. HP: 8/29 MP: 7/7
  2964 | D:2      | Reached XP level 5. HP: 33/34 MP: 8/8
  3711 | D:2      | Reached skill level 1 in Shields
  4381 | D:3      | Reached XP level 6. HP: 16/41 MP: 10/10
  6118 | D:4      | Noticed a two-headed ogre
  6500 | D:5      | Entered Level 5 of the Dungeon
  6790 | D:5      | Found an iron altar of Okawaru.
  6935 | D:5      | Reached XP level 7. HP: 46/46 MP: 9/11
  7659 | D:5      | Noticed Ijyb
  7714 | D:5      | Killed Ijyb
  7866 | D:5      | Found Zero's Armour Boutique.
  7902 | D:5      | Noticed Grinder
  7927 | D:5      | You fall into a shaft and drop 1 floor!
  7934 | D:6      | Found a hazy altar of Hepliaklqana.
  8090 | D:5      | HP: 1/46 [centaur/arrow (6)]
  8187 | D:5      | Noticed Edmund
  8228 | D:6      | Reached XP level 8. HP: 39/53 MP: 13/13
  8235 | D:6      | Found a staircase to the Ecumenical Temple.
  8250 | Temple   | Entered the Ecumenical Temple
  8482 | D:6      | Found a radiant altar of Vehumet.
  8552 | D:6      | HP: 2/54 [ogre/+0 giant club (13)]
  8560 | D:6      | Slain by a black bear

Illustrated notes

Levels and vault maps discovered:
D:1:      matt_arrival_los_fun, layout_basic
D:2:      layout_loops_cross, minmay_hexomino_p4
D:3:      layout_basic, grunt_ministairs_8, kennysheep_cross_bottleneck
D:4:      layout_basic, kennysheep_generic_room_11
D:5:      layout_loops_corners, overflow_temple_1_default, serial_shops,
          nicolae_shop_waterfront, minmay_shop_damaged, st_stairs_4,
          sigmund_edmund_badplayer, uniq_ijyb, uniq_grinder
D:6:      layout_rooms, lemuel_doored_altar, cheibrodos_ashenzari_chains,
          vehumet_statue
Temple:   nicolae_temple_elliptical

Skill      XL: |  1  2  3  4  5  6  7  8 |
---------------+-------------------------+-----
Fighting       | 2 3 |  3.9
Shields        | 1 2 3 |  3.2
Transmutations | 3 4 |  4.3
Dodging        | 3 4 |  4.2
Spellcasting   | 3 4 |  4.0
Unarmed Combat | 4 |  4.9

Action                   |  1- 3 |  4- 6 |  7- 9 || total
-------------------------+-------+-------+-------++-------
Melee: Unarmed           |    71 |   163 |    83 ||   317
       Kick              |    15 |    40 |    30 ||    85
       Constrict         |    21 |    49 |    17 ||    87
       Tentacles         |    11 |    33 |    15 ||    59
       Punch             |     2 |     2 |     4 ||     8
Throw: Stone             |       |    10 |     2 ||    12
       Dart              |       |    19 |    10 ||    29
 Cast: Beastly Appendage |    22 |    43 |    14 ||    79
  Use: Potion            |       |       |     9 ||     9
 Stab: Sleeping          |     7 |     2 |     2 ||    11
       Distracted        |       |       |     1 ||     1
Armor: Skin              |    13 |     6 |     3 ||    22
Dodge: Dodged            |    41 |   104 |    50 ||   195
Block: Buckler           |       |    16 |     8 ||    24
       Kite shield       |       |       |    30 ||    30

Table legend: (Time is in decaauts)
 A = Elapsed time spent in this place.
 B = Non-inter-level travel time spent in this place.
 C = Inter-level travel time spent in this place.
 D = Time resting spent in this place.
 E = Time spent auto-exploring this place.
 F = Levels seen in this place.
 G = Mean time per level.
                   A        B        C        D        E       F      G
               +--------+--------+--------+--------+--------+-----+--------+
         Total |   8561 |   8127 |    434 |   1940 |   4341 |   7 | 1223.0 |
       Dungeon |   8334 |   7915 |    419 |   1940 |   4153 |   6 | 1389.0 |
        Temple |    226 |    211 |     15 |      0 |    188 |   1 |  226.0 |
               +--------+--------+--------+--------+--------+-----+--------+

Top non-repeatable levels by time:
     D:2: 2422 daAuts
     D:1: 1601 daAuts
     D:3: 1517 daAuts
     D:5: 1321 daAuts
     D:4: 1167 daAuts
     D:6: 304 daAuts
  Temple: 226 daAuts
